 Dungeon Crawl Stone Soup version 0.21.0-25-ge575cb9 (webtiles) character file.

32988 JeffiDaFish the Thaumaturge (level 13, -23/105 HPs)
             Began as a Black Draconian Fire Elementalist on Jan 26, 2018.
             Was an Elder of Sif Muna.
             Annihilated by a dire elephant (37 damage)
             ... on level 6 of the Lair of Beasts on Jan 27, 2018.
             The game lasted 01:47:53 (23653 turns).

JeffiDaFish the Thaumaturge (DrFE)                 Turns: 23653, Time: 01:47:53

Health: -23/105    AC: 15    Str: 10    XL:     13   Next: 34%
Magic:  15/36      EV: 21    Int: 15    God:    Sif Muna [****..]
Gold:   966        SH:  7    Dex: 22    Spells: 6/32 levels left

rFire    . . .     SeeInvis .   g - staff of wizardry
rCold    . . .     Gourm    .   B - +1 buckler
rNeg     . . .     Faith    .   (armour unavailable)
rPois    .         Spirit   .   x - +1 hat
rElec    +         Reflect  .   (no cloak)
rCorr    .         Harm     .   c - +2 pair of gloves
MR       .....                  r - +2 pair of boots
Stlth    ++........             n - amulet of regeneration
HPRegen  0.67/turn              C - ring of magical power
MPRegen  0.25/turn              y - +4 ring of dexterity

@: divine energy
A: breathe lightning, unfitting armour, electricity resistance, cold-blooded, AC
+8
a: Breathe Lightning, Stop Divine Energy, Channel Magic, Forget Spell, Renounce
Religion


You were on level 6 of the Lair of Beasts.
You worshipped Sif Muna.
Sif Muna was greatly pleased with you.
You were not hungry.

You visited 3 branches of the dungeon, and saw 17 of its levels.
You also visited: Sewer.

You collected 966 gold pieces.

Inventory:

Hand Weapons
 i - a +1 scythe of draining
Armour
 c - a +2 pair of gloves (worn)
 r - a +2 pair of boots (worn)
 x - a +1 hat (worn)
 B - a +1 buckler (worn)
Magical Staves
 g - an uncursed staff of wizardry (weapon)
Jewellery
 d - an uncursed ring of poison resistance
 j - an uncursed ring of protection from cold
 n - an amulet of regeneration (around neck)
 u - an uncursed ring of wizardry
 y - a +4 ring of dexterity (right hand)
 z - an uncursed ring of protection from fire
 C - a ring of magical power (left hand)
Wands
 e - a wand of iceblast (12)
 s - a wand of clouds (14)
Scrolls
 h - 13 scrolls of remove curse
 q - 6 scrolls of identify
 w - a scroll of amnesia
Potions
 k - 2 potions of magic
 l - 3 potions of curing
 o - 3 potions of flight
 A - a potion of degeneration {unknown}
 D - a potion of invisibility
Books
 a - a book of Flames

   Spells                             Type                      Level
   a - Flame Tongue                   Conjuration/Fire             1
   b - Throw Flame                    Conjuration/Fire             2
   c - Conjure Flame                  Conjuration/Fire             3
   d - Inner Flame                    Hexes/Fire                   3
   e - Sticky Flame                   Conjuration/Fire             4
   f - Fireball                       Conjuration/Fire             5
 m - a book of Misfortune

   Spells                             Type                      Level
   a - Confusing Touch                Hexes                        1
   b - Confuse                        Hexes                        3
   c - Gell's Gravitas                Translocation                3
   d - Petrify                        Transmutation/Earth          4
   e - Metabolic Englaciation         Hexes/Ice                    5
   f - Yara's Violent Unravelling     Hexes/Transmutation          5
 v - a book of Enchantments

   Spells                             Type                      Level
   a - Cause Fear                     Hexes                        4
   b - Yara's Violent Unravelling     Hexes/Transmutation          5
   c - Silence                        Hexes/Air                    5
   d - Deflect Missiles               Charms/Air                   6
   e - Discord                        Hexes                        8
Comestibles
 b - 12 rations
 f - 5 chunks of flesh


   Skills:
 - Level 7.0 Fighting
   Level 0.5 Axes
 - Level 6.7 Staves
 - Level 10.0 Dodging
 - Level 1.8 Stealth
 * Level 2.8 Shields
 * Level 10.4 Spellcasting
 + Level 8.0 Conjurations
 + Level 6.1 Hexes
 + Level 8.8 Fire Magic
 + Level 4.8 Ice Magic
 - Level 1.6 Evocations


You had 6 spell levels left.
You knew the following spells:

 Your Spells              Type           Power        Failure   Level  Hunger
a - Flame Tongue          Conj/Fire      ####.        1%          1    None
b - Throw Flame           Conj/Fire      ####..       1%          2    None
c - Sticky Flame          Conj/Fire      ####....     1%          4    ###....
d - Fireball              Conj/Fire      ####......   3%          5    #####..
e - Confuse               Hex            ####....     1%          3    None
f - Conjure Flame         Conj/Fire      ####....     1%          3    None
g - Metabolic Englaciati  Hex/Ice        ###.......   12%         5    #####..
h - Inner Flame           Hex/Fire       ####....     1%          3    None


Dungeon Overview and Level Annotations

Branches:
Dungeon (10/15)            Temple (1/1) D:6            Lair (6/6) D:10
 Shoals (0/4) Lair:3       Spider (0/4) Lair:2
  Slime: Lair:5-6       Orc: D:9-12

Altars:
Ashenzari
Cheibriados
Dithmenos
Elyvilon
Fedhas
Gozag
Hepliaklqana
Kikubaaqudgha
Makhleb
Nemelex Xobeh
Okawaru
Qazlal
Ru
Sif Muna
Trog
Uskayaw
Vehumet
Wu Jian
Xom
Yredelemnul
Zin
The Shining One

Annotations:
Lair:2 exclusion: oklob plant
Lair:6 exclusion: oklob plant


Innate Abilities, Weirdness & Mutations

You can breathe wild blasts of lightning.
Your glossy black scales are hard. (AC +8)
You cannot fit into any form of body armour.
You are resistant to electric shocks. (rElec)
You are cold-blooded and may be slowed by cold attacks.


Message History

The sticky flame hits the dire elephant.
The dire elephant is heavily wounded.
The dire elephant is covered in liquid flames!
The dire elephant burns!
The dire elephant tramples you!!
* * * LOW HITPOINT WARNING * * *
You hold your ground!
The dire elephant trunk-slaps you but does no damage.
The dire elephant burns!
There is an open door here.
Casting: Sticky Flame
Confirm with . or Enter, or press ? or * to list all spells.
Aiming: Sticky Flame
Press: ? - help, Shift-Dir - straight line, f/p - dire elephant
Aim: a dire elephant (heavily wounded, covered in liquid flames)
The sticky flame hits the dire elephant.
The dire elephant appears unharmed.
The dire elephant is heavily wounded.
The dire elephant is covered in liquid flames!
The dire elephant burns!
The dire elephant tramples you!!!
You die...

#......##.####'##
.......♣#...#8.8#
........###.#...#
.........##.##..###
.........♣#..#..'.###
........÷♣##.#..'...##
.........♣ #.#####...#
....##..♣# #...8#...##
...###..######.Y@...#
..####.♣#...'...#....#
..###..##..P#####....#
...#...##...# ##...#
....#..##P..# #..##
.......##...# ♣..#
.......♣#P.P# 8♣##
.......###### ♣
.......♣#


You could see a dire elephant (burning).

Vanquished Creatures
  Nessos (Lair:4)
  2 dire elephants (Lair:6)
  3 hydras
  A catoblepas (Lair:5)
  Erica (D:8)
  An anaconda (Lair:6)
  3 two-headed ogres
  Pikel (D:8)
  Joseph (D:7)
  4 elephants (Lair:6)
  2 black mambas
  A gargoyle (D:10)
  4 spiny frogs
  3 komodo dragons
  A rime drake (Lair:3)
  3 trolls
  4 jumping spiders
  2 polar bears
  10 blink frogs
  4 dream sheep (Lair:4)
  4 hippogriffs
  Sigmund (D:2)
  2 spriggans (Lair:4)
  A redback (Lair:2)
  34 yaks
  A wyvern (D:8)
  2 basilisks
  3 steam dragons
  13 water moccasins
  8 porcupines
  4 orc warriors
  An ice beast (D:8)
  2 black bears (Lair:4)
  6 sky beasts
  4 ogres
  2 phantoms
  3 centaurs
  6 wolves
  9 crocodiles
  A big kobold (Sewer)
  7 bullfrogs
  A wyvern zombie (D:8)
  5 scorpions
  10 killer bees
  An electric eel (Lair:1)
  3 howler monkeys (D:7)
  4 crimson imps
  2 centaur zombies
  2 hounds
  3 jellies
  7 orc priests
  2 bullfrog skeletons
  A centaur skeleton (D:4)
  24 orc wizards
  4 iguanas
  7 worker ants
  A killer bee zombie (D:6)
  A hound skeleton (D:5)
  11 gnolls
  10 adders
  A river rat (Sewer)
  4 shadow imps
  An ooze (D:2)
  2 adder zombies
  5 worms
  A dart slug (D:1)
  4 leopard geckos
  49 orcs
  4 bats (D:2)
  5 giant cockroaches
  7 goblins
  6 hobgoblins
  11 jackals
  5 quokkas
  3 ball pythons
  7 frilled lizards
  12 kobolds
  A quokka skeleton (D:4)
  8 rats
  A fungus (Lair:5)
  5 plants
407 creatures vanquished.

Vanquished Creatures (others)
  A blink frog (Lair:4)
  A water moccasin (Lair:4)
  A crimson imp (D:8)
  An orc (D:8)
  11 fungi
  6 plants
21 creatures vanquished.

Grand Total: 428 creatures vanquished

Notes
Turn   | Place    | Note
-------+----------+-------------------------------------------
     0 | D:1      | JeffiDaFish the Draconian Fire Elementalist began the quest for the Orb.
     0 | D:1      | Reached XP level 1. HP: 14/14 MP: 3/3
   296 | D:1      | Reached XP level 2. HP: 17/20 MP: 5/5
   923 | D:1      | Learned a level 2 spell: Throw Flame
  1220 | D:2      | Found a transporter.
  1222 | D:2      | Noticed a crimson imp
  1271 | D:2      | Reached XP level 3. HP: 14/26 MP: 0/6
  1416 | D:2      | Found a sacrificial altar of Ru.
  1473 | D:2      | Reached XP level 4. HP: 33/33 MP: 0/7
  1729 | D:2      | Learned a level 4 spell: Sticky Flame
  1763 | D:2      | Found a transporter.
  1771 | D:2      | Found a sparkling altar of Nemelex Xobeh.
  1923 | D:2      | Reached XP level 5. HP: 35/38 MP: 9/9
  1979 | D:2      | Noticed Sigmund
  2514 | D:2      | Killed Sigmund
  2514 | D:2      | Reached XP level 6. HP: 32/45 MP: 1/11
  3107 | D:3      | Found a hide-covered altar of Uskayaw.
  3145 | D:3      | Learned a level 5 spell: Fireball
  3993 | D:4      | Noticed a hippogriff
  4007 | D:4      | Killed a hippogriff
  4007 | D:4      | Your scales start taking on a glossy black colour.
  4007 | D:4      | Reached XP level 7. HP: 40/50 MP: 0/13
  4007 | D:4      | Gained mutation: You are resistant to electric shocks. (rElec) [Black Draconian growth]
  4127 | D:4      | Found an ancient bone altar of Kikubaaqudgha.
  4485 | D:4      | Reached skill level 5 in Spellcasting
  4626 | D:4      | Reached skill level 5 in Dodging
  4626 | D:4      | Reached skill level 5 in Fire Magic
  4895 | D:5      | Entered Level 5 of the Dungeon
  4924 | D:5      | Learned a level 3 spell: Confuse
  5051 | D:5      | Reached XP level 8. HP: 16/58 MP: 0/15
  5106 | D:5      | Reached skill level 1 in Staves
  5455 | D:5      | Reached skill level 1 in Fighting
  5532 | D:5      | Reached skill level 1 in Evocations
  6038 | D:5      | Found a shimmering altar of Xom.
  6039 | D:5      | Found a hazy altar of Hepliaklqana.
  6040 | D:5      | Noticed a spectral ugly thing
  6639 | D:6      | Reached skill level 1 in Hexes
  6796 | D:6      | Found a glowing drain.
  6859 | Sewer    | Entered a sewer
  7093 | Sewer    | Found a white marble altar of Elyvilon.
  7390 | D:6      | Reached XP level 9. HP: 67/67 MP: 6/18
  7393 | D:6      | Found a staircase to the Ecumenical Temple.
  7401 | Temple   | Entered the Ecumenical Temple
  8317 | D:7      | Learned a level 3 spell: Conjure Flame
  8339 | D:7      | Found a radiant altar of Vehumet.
  8372 | D:7      | Found an opulent altar of Gozag.
  8787 | D:7      | Noticed Joseph
  8795 | D:7      | Killed Joseph
  8795 | D:7      | Reached skill level 5 in Conjurations
  9556 | D:8      | Reached XP level 10. HP: 68/77 MP: 10/20
  9656 | D:8      | Noticed Pikel
  9666 | D:8      | Killed Pikel
  9780 | D:8      | Noticed Erica
  9786 | D:8      | Killed Erica
 10574 | D:8      | Found a deep blue altar of Sif Muna.
 10627 | D:8      | Became a worshipper of Sif Muna the Loreminder
 11372 | D:9      | Learned a level 5 spell: Metabolic Englaciation
 11428 | D:9      | Noticed a two-headed ogre
 11455 | D:9      | Killed a two-headed ogre
 11623 | D:9      | Reached XP level 11. HP: 68/85 MP: 3/23
 11625 | D:9      | Reached skill level 5 in Fighting
 11689 | D:9      | Reached * piety under Sif Muna
 11689 | D:9      | Reached skill level 5 in Staves
 12072 | D:9      | Noticed a two-headed ogre
 12084 | D:9      | Killed a two-headed ogre
 12638 | D:10     | Entered Level 10 of the Dungeon
 12809 | D:10     | Identified the +4 spear of Foul Odors {flame, rPois rC+ MR-} (You found it on level 10 of the Dungeon)
 13360 | D:10     | Noticed a two-headed ogre
 13369 | D:10     | Killed a two-headed ogre
 13369 | D:10     | Reached skill level 1 in Ice Magic
 13471 | D:10     | Learned a level 3 spell: Inner Flame
 13480 | D:10     | Found a staircase to the Lair.
 14164 | Lair:1   | Entered Level 1 of the Lair of Beasts
 14352 | Lair:1   | Reached ** piety under Sif Muna
 15985 | Lair:1   | Identified the +0 mace of Bodily Harmony {holy, -Tele rElec Str+6} (You found it on level 1 of the Lair of Beasts)
 16197 | Lair:2   | Found a hole to the Spider Nest.
 16245 | Lair:2   | Noticed an oklob plant
 16832 | Lair:1   | Reached XP level 12. HP: 76/96 MP: 10/25
 17544 | Lair:3   | Reached skill level 5 in Hexes
 17800 | Lair:3   | Reached *** piety under Sif Muna
 18032 | Lair:3   | Found a staircase to the Shoals.
 18609 | Lair:4   | Noticed a seven-headed hydra
 18748 | Lair:4   | Killed a seven-headed hydra
 18793 | Lair:4   | Noticed Nessos
 19441 | Lair:4   | Killed Nessos
 20845 | Lair:5   | Noticed a catoblepas
 20872 | Lair:5   | Killed a catoblepas
 20872 | Lair:5   | Reached skill level 10 in Spellcasting
 21244 | Lair:6   | Entered Level 6 of the Lair of Beasts
 21281 | Lair:6   | Reached **** piety under Sif Muna
 21333 | Lair:6   | Noticed a six-headed hydra
 21603 | Lair:6   | Reached XP level 13. HP: 65/105 MP: 1/27
 21855 | Lair:6   | Reached skill level 10 in Dodging
 22340 | Lair:6   | Reached skill level 1 in Shields
 23285 | Lair:6   | Noticed a dire elephant
 23285 | Lair:6   | Noticed a dire elephant
 23304 | Lair:6   | Killed a dire elephant
 23308 | Lair:6   | HP: 5/105 [dire elephant (39)]
 23454 | Lair:6   | Killed a dire elephant
 23629 | Lair:6   | Noticed a dire elephant
 23653 | Lair:6   | Annihilated by a dire elephant

Skill      XL: |  1  2  3  4  5  6  7  8  9 10 11 12 13 |
---------------+----------------------------------------+-----
Dodging        | 2 3 4 5 6 7 8 9 10 | 10.0
Spellcasting   | 3 4 5 6 7 8 9 10 | 10.4
Conjurations   | 2 3 4 5 6 7 8 |  8.0
Fire Magic     | 4 5 6 7 8 |  8.8
Staves         | 2 3 4 5 6 |  6.7
Fighting       | 2 3 4 6 7 |  7.0
Evocations     | 1 |  1.6
Hexes          | 1 2 3 4 5 6 |  6.1
Ice Magic      | 2 4 |  4.8
Shields        | 2 |  2.8
Axes           | |  0.5
Stealth        | |  1.8

Action                   |  1- 3 |  4- 6 |  7- 9 | 10-12 | 13-15 || total
-------------------------+-------+-------+-------+-------+-------++-------
Melee: Hand axe          |    79 |    51 |       |       |       ||   130
       Tailslap          |     2 |     3 |   114 |   190 |    74 ||   383
       Scythe            |       |    59 |    90 |       |       ||   149
       Staff             |       |       |   848 |  1163 |   263 ||  2274
 Cast: Flame Tongue      |    13 |    13 |    27 |    84 |    37 ||   174
       Throw Flame       |     2 |    17 |    39 |    29 |    11 ||    98
       Sticky Flame      |       |     6 |    65 |   155 |    36 ||   262
       Confuse           |       |       |    11 |    86 |     8 ||   105
       Fireball          |       |       |     4 |    29 |     4 ||    37
       Conjure Flame     |       |       |     2 |     7 |     4 ||    13
       Inner Flame       |       |       |       |    14 |     3 ||    17
       Metabolic Englaci |       |       |       |     6 |       ||     6
Invok: Divine Energy     |       |       |       |     1 |       ||     1
 Abil: Breathe Lightning |       |       |    12 |     8 |     2 ||    22
Evoke: Wand              |       |       |     2 |       |       ||     2
  Use: Potion            |     4 |     4 |     7 |     8 |     3 ||    26
       Scroll            |     3 |     7 |     9 |    17 |     4 ||    40
 Stab: Sleeping          |     3 |     4 |     1 |     2 |       ||    10
       Invisible         |     1 |       |       |       |       ||     1
       Paralysed         |     1 |       |       |       |       ||     1
       Distracted        |       |     1 |     1 |       |     1 ||     3
       Confused          |       |       |     2 |    10 |       ||    12
  Eat: Chunk             |     2 |    10 |    26 |    42 |     5 ||    85
       Ration            |       |       |     3 |     9 |     2 ||    14
Armor: Skin              |    29 |    43 |   310 |   313 |    33 ||   728
Dodge: Dodged            |    52 |    99 |   888 |  1073 |    99 ||  2211
Block: Buckler           |       |       |       |    33 |    22 ||    55
